 Dungeon Crawl Stone Soup version 0.19-a0-450-g98b348d (webtiles) character file.

217 Loading the Cudgeler (level 5, -1/34 HPs)
             Began as a Gargoyle Fighter on May 31, 2016.
             Slain by an ogre
             ... wielding a cursed +0 giant club
              (15 damage)
             ... on level 4 of the Dungeon on June 1, 2016.
             The game lasted 00:06:59 (2789 turns).

Loading the Cudgeler (Gargoyle Fighter)             Turns: 2789, Time: 00:06:59

Health: -1/34      AC: 17    Str: 20    XL:     5   Next: 94%
Magic:  5/5        EV:  3    Int:  8    God:
Gold:   157        SH:  9    Dex: 10    Spells: 0 memorised, 4 levels left

rFire  . . .     SeeInvis .     a - +0 flail
rCold  . . .     Gourm    .     t - +0 plate armour
rNeg   + . .     Faith    .     c - +0 shield
rPois  ∞         Spirit   .     (no helmet)
rElec  +         Dismiss  .     (no cloak)
rCorr  .         Reflect  .     (no gloves)
SustAt .         Harm     .     (no boots)
MR     .....                    (no amulet)
Stlth  ..........               (no ring)
                                i - +2 ring of protection

@: not resistant to hostile enchantments, extremely unstealthy
A: negative energy resistance 1, electricity resistance, unbreathing,
petrification resistance, rot immunity, AC +4
a: no special abilities


You were on level 4 of the Dungeon.
You were hungry.

You visited 1 branch of the dungeon, and saw 4 of its levels.

You collected 157 gold pieces.

Inventory:

Hand Weapons
 a - a +0 flail (weapon)
Armour
 c - a +0 shield (worn)
 t - a +0 plate armour (worn)
Jewellery
 i - a +2 ring of protection (left hand)
Wands
 e - a wand of slowing (17/48)
 k - a wand of disintegration (10/24)
Scrolls
 n - a scroll of recharging {unknown}
 q - 2 scrolls of enchant armour {unknown}
 v - a scroll of fog
 w - a scroll of random uselessness {unknown}
Potions
 b - a potion of cure mutation
 d - 2 potions of might
 g - a potion of lignification
 l - a potion of berserk rage {unknown}
 p - a potion of haste {unknown}
 r - a potion of brilliance {unknown}
 s - a potion of resistance {unknown}
 u - a potion of ambrosia {unknown}
Comestibles
 f - a bread ration
 j - a meat ration
 m - a fruit
 o - a slice of pizza


   Skills:
 + Level 4.3 Fighting
 * Level 4.4 Maces & Flails
 + Level 4.0 Armour
 + Level 4.0 Shields


You had 4 spell levels left.
You didn't know any spells.

Dungeon Overview and Level Annotations

Branches:
Dungeon (4/15)
 Temple: D:4-7

Altars:
Pakellas
Xom


Innate Abilities, Weirdness & Mutations

You are resistant to torment.
Your stone body is resilient. (AC +4)
You are immune to poison.
You resist negative energy. (rN+)
You are resistant to electric shocks. (rElec)
You can survive without breathing.
You are immune to petrification.
You are immune to rotting.


Message History

You are too injured to fight recklessly!
You are too injured to fight recklessly!
You are too injured to fight recklessly!
You are too injured to fight recklessly!
You are too injured to fight recklessly!
You are too injured to fight recklessly!
You feel better. The ogre hits you with a giant club.
You block the giant newt's attack.
Okay, then.
You see here an adder corpse.
Things that are here:
a club; an orc corpse You see here a potion of curing.
h - a potion of curing The giant newt bites you but does no damage.
The ogre hits you with a giant club!
* * * LOW HITPOINT WARNING * * *
You feel better. You block the giant newt's attack.
The ogre hits you with a giant club!
You die...

####### ###..
##.....##.....
##..............
#................
#.....[..........
#................
#...>.........(..
#...@l†..........
#....O........... #
##..............#####
##.....#..........##
#######.####.......
#.# #.....## #.#
#.#.#### #.#
##.......
#.###..#####.


You could see an ogre and a giant newt.

Vanquished Creatures
  A scorpion (D:4)
  A howler monkey (D:4)
  6 adders
  A worm (D:2)
  5 dart slugs
  2 giant geckos
  6 orcs
  3 bats
  3 giant cockroaches
  7 goblins
  3 hobgoblins
  4 jackals
  2 quokkas (D:3)
  A giant gecko skeleton (D:4)
  2 giant newts (D:1)
  4 kobolds
  9 rats
60 creatures vanquished.

Notes
Turn   | Place    | Note
--------------------------------------------------------------
     0 | D:1      | Loading the Gargoyle Fighter began the quest for the Orb.
     0 | D:1      | Reached XP level 1. HP: 14/14 MP: 1/1
   137 | D:1      | Reached XP level 2. HP: 19/19 MP: 2/2
  1074 | D:2      | Reached XP level 3. HP: 20/24 MP: 3/3
  1666 | D:3      | Reached XP level 4. HP: 13/29 MP: 4/4
  2330 | D:3      | Found an oddly glowing altar of Pakellas.
  2388 | D:4      | Found a shimmering altar of Xom.
  2399 | D:4      | Noticed an ogre
  2403 | D:4      | Reached XP level 5. HP: 32/33 MP: 5/5
  2633 | D:4      | Upgraded the game from 0.19-a0-414-g76fec5b to 0.19-a0-450-g98b348d
  2762 | D:4      | Noticed an ogre
  2789 | D:4      | Slain by an ogre

Vault maps used:
D:1:      lightli_arrival_windingriver, minmay_misc_feat_encased,
          kennysheep_another_room, minivault_24
D:3:      grunt_pakellas_salt
D:4:      lemuel_statue_altar

Skill      XL: |  1  2  3  4  5 |
---------------+----------------+-----
Maces & Flails | 3 4 |  4.4
Fighting       | 4 |  4.3
Armour         | 4 |  4.0
Shields        | 4 |  4.0

Action                   |  1- 3 |  4- 6 || total
-------------------------+-------+-------++-------
Melee: Flail             |   135 |   138 ||   273
  Use: Scroll            |       |     7 ||     7
       Potion            |       |     2 ||     2
  Eat: Chunk             |     3 |     3 ||     6
Armor: Scale mail        |    31 |       ||    31
       Skin              |    29 |    11 ||    40
       Plate armour      |       |    86 ||    86
Dodge: Dodged            |    87 |    21 ||   108
Block: Shield            |     7 |    79 ||    86
